 Dungeon Crawl Stone Soup version 0.27-a0-417-g317cea8a3c (console) character file.

Game seed: 5706976216358801105

24158 jejorda2 the Grappler (level 13, -18/111 HPs)
             Began as a Hill Orc Berserker on Feb 25, 2021.
             Was an Elder of Trog.
             Demolished by a polar bear (20 damage)
             ... on level 3 of the Lair of Beasts.
             The game lasted 00:50:11 (13260 turns).

jejorda2 the Grappler (Hill Orc Berserker)         Turns: 13260, Time: 00:50:11

Health: -18/111    AC: 23    Str: 25    XL:     13   Next: 11%
Magic:  13/13      EV: 12    Int:  7    God:    Trog [****..]
Gold:   935        SH:  0    Dex: 14    Spells: 12/12 levels left

rFire    . . .     SeeInvis .     - Unarmed
rCold    . . .     Faith    +   (no shield)
rNeg     . . .     Spirit   .   F - +0 plate armour "Xanear" {Dex+4}
rPois    .         Reflect  .   P - +2 hat {Will+}
rElec    .         Harm     .   v - +1 cloak
rCorr    +         Rampage  .   z - +0 pair of gloves
Will     +....                  H - +2 pair of boots {Fly}
Stlth    ..........             S - amulet of faith
HPRegen  0.28/turn              k - ring of resist corrosion
MPRegen  0.13/turn              h - +4 ring of evasion

@: flying
A: no striking features
a: Stop Flying, Renounce Religion, Berserk, Trog's Hand, Brothers in Arms


You were on level 3 of the Lair of Beasts.
You worshipped Trog.
Trog was greatly pleased with you.
You visited 2 branches of the dungeon, and saw 13 of its levels.
You also visited: Bailey and Gauntlet.

You collected 1298 gold pieces.
You spent 363 gold pieces at shops.

Inventory:

Hand Weapons
 a - the +9 shortbow "Birec" {speed, rElec rF+ rN+}
   (You acquired it on level 10 of the Dungeon)

   Attacks with this weapon are significantly faster.
   It protects you from fire.
   It insulates you from electricity.
   It protects you from negative energy.
 w - a +2 vorpal longbow
Missiles
 g - 271 arrows
 o - 17 boomerangs
 s - 68 poisoned darts (quivered)
 D - 5 throwing nets
 E - 4 curare-tipped darts
 T - 17 silver javelins
Armour
 v - a +1 cloak (worn)
 z - a +0 pair of gloves (worn)
 F - the +0 plate armour "Xanear" (worn) {Dex+4}
   (You found it in a bailey)

   It affects your dexterity (+4).
 H - a +2 pair of boots of flying (worn)
 P - a +2 hat of willpower (worn)
Jewellery
 b - a ring of positive energy
 h - a +4 ring of evasion (right hand)
 k - a ring of resist corrosion (left hand)
 l - a ring of fire
 I - a ring of fire
 L - a ring of ice
 M - a ring of protection from cold
 Q - the amulet "Renururo" {Spirit rElec Int+3}
   (You found it in a Gauntlet)

   [amulet of guardian spirit]

   It causes incoming damage to be split between your health and magic.
   It affects your intelligence (+3).
   It insulates you from electricity.
 S - an amulet of faith (around neck)
Wands
 e - a wand of digging (7)
 u - a wand of polymorph (17)
 y - a wand of paralysis (5)
 A - a wand of mindburst (16)
 K - a wand of iceblast (11)
 O - a wand of acid (7)
 U - a wand of flame (24)
Scrolls
 i - a scroll of fear
 j - 4 scrolls of blinking
 q - 2 scrolls of fog
 B - 2 scrolls of identify
 J - 5 scrolls of teleportation
Potions
 c - a potion of resistance
 d - 2 potions of haste
 f - 2 potions of heal wounds
 m - 3 potions of curing
 n - 3 potions of ambrosia
 p - 3 potions of might
 r - 3 potions of attraction
 t - a potion of berserk rage
 x - 2 potions of mutation
 C - a potion of lignification
 N - 2 potions of cancellation


   Skills:
 - Level 9.0 Fighting
 + Level 11.2 Bows
 - Level 9.0 Armour
 - Level 2.6 Dodging
 + Level 14.1 Unarmed Combat
 - Level 6.0 Evocations


You had 12 spell levels left.
You didn't know any spells.
Your spell library was empty.

Dungeon Overview and Level Annotations

Branches:
Dungeon (10/15)            Temple (0/1) D:7            Lair (3/6) D:10
 Shoals (0/4) Lair:2        Snake (0/4) Lair:2       Bailey (visited)
Gauntlet (visited)
    Orc: D:9-12

Altars:
Cheibriados
Dithmenos
Gozag
Trog
Uskayaw
Vehumet
The Shining One

Shops:
D:4 !   D:5 (   D:6 *   D:7 :   D:9 *   D:10 !


Message History

You punch the polar bear, but do no damage.
The polar bear is heavily wounded.
The yak gores you but does no damage.
You punch the polar bear!
The polar bear is almost dead.
The blink frog hits you but does no damage.
The polar bear goes berserk!
The blink frog closely misses you.
You barely miss the polar bear.
You punch the polar bear, but do no damage.
The polar bear is almost dead.
The yak gores you!
* * * LOW HITPOINT WARNING * * *
The polar bear bites you!!
* * * LOW HITPOINT WARNING * * *
The polar bear claws you but does no damage. x2
The blink frog hits you but does no damage.
You punch the polar bear!
The polar bear is almost dead.
The polar bear bites you but does no damage.
The polar bear claws you but does no damage.
The polar bear misses you. The yak gores you but does no damage.
The blink frog hits you.
* * * LOW HITPOINT WARNING * * *
As you read the scroll of fear, it crumbles to dust.
You assume a fearsome visage.
The blink frog looks frightened!
The yak looks frightened!
The polar bear bites you but does no damage.
The polar bear claws you but does no damage. x2
The blink frog blinks!
The polar bear bites you but does no damage.
The polar bear claws you.
* * * LOW HITPOINT WARNING * * *
The polar bear closely misses you.
Unknown command.
Aiming: Mindburst
Press: ? - help, Shift-Dir - straight line, f - polar bear
Aim: a polar bear (almost dead, berserk, chance to affect: 85%)
The polar bear barely resists.
The blink frog blinks!
The polar bear bites you!!
You die...

..##.. ...#.. ....$
... #... .F..
##..###..##
#...#...... ....
#P†........ #P.$.
#@†YP..#PP. #P...
##h........
###...###......§...
...................
.[.................
..<............####
...............#
.............###
.............##


You could see a polar bear (berserk), a yak (fleeing) and a blink frog
(fleeing).

Vanquished Creatures
  Gastronok (Lair:2)
  A minotaur (Gauntlet)
  An entropy weaver (shapeshifter) (Gauntlet)
  Fannar (D:10)
  2 hydras (Lair:1)
  The ghost of wampuh the Transmogrifier, a novice DrTm of Ru (D:9)
  An obsidian statue (Gauntlet)
  Pikel (D:5)
  4 oklob plants (Lair:1)
  A guardian serpent (Lair:2)
  Joseph (D:7)
  5 komodo dragons
  5 cane toads
  A spectral harpy (Gauntlet)
  A troll (D:9)
  A merfolk (Lair:2)
  Prince Ribbit (D:6)
  3 blink frogs
  Sigmund (D:2)
  A wyvern (D:8)
  20 yaks
  2 basilisks
  Menkaure (D:7)
  3 water moccasins
  Duvessa (D:4)
  A floating eye (Lair:1)
  3 sky beasts
  2 black bears (D:9)
  6 ice beasts
  3 orc warriors
  2 eyes of draining
  6 ogres
  A lemure (D:5)
  2 phantoms (D:4)
  2 centaurs
  5 bullfrogs
  8 gnoll sergeants (Bailey)
  Dowan (D:4)
  2 scorpions
  13 killer bees
  9 wights
  6 howler monkeys
  A centaur zombie (D:8)
  A bullfrog zombie (D:8)
  3 jellies
  6 hounds
  6 gnoll shamans (Bailey)
  7 orc priests
  3 bullfrog skeletons
  5 orc wizards
  4 iguanas
  7 worker ants
  4 bullfrog simulacra (D:9)
  A worker ant zombie (D:10)
  20 gnolls
  11 adders
  5 shadow imps
  2 white imps
  3 ufetubi
  3 worms
  5 dart slugs
  3 leopard geckos
  33 orcs
  6 bats
  6 giant cockroaches
  6 goblins
  9 hobgoblins
  11 jackals
  8 kobolds
  2 quokkas (D:2)
  2 ball pythons
  12 frilled lizards
  A jackal skeleton (D:6)
  4 rats
333 creatures vanquished.

Vanquished Creatures (collateral kills)
  A death drake (Gauntlet)
  A spectral centaur (Gauntlet)
  A centaur zombie (Gauntlet)
  A basilisk (Lair:1)
4 creatures vanquished.

Vanquished Creatures (others)
  A bush (Lair:1)
  A fungus (Lair:3)
  44 plants
  14 withered plants (Gauntlet)
60 creatures vanquished.

Grand Total: 397 creatures vanquished

Notes
Turn   | Place    | Note
-------+----------+-------------------------------------------
     0 | D:1      | jejorda2 the Hill Orc Berserker began the quest for the
                  | Orb.
     0 | D:1      | Reached XP level 1. HP: 19/19 MP: 1/1
   296 | D:1      | Reached XP level 2. HP: 27/27 MP: 2/2
   917 | D:1      | Reached XP level 3. HP: 33/33 MP: 3/3
  1172 | D:2      | Reached skill level 4 in Unarmed Combat
  1222 | D:2      | Reached XP level 4. HP: 40/40 MP: 4/4
  1475 | D:2      | Reached ** piety under Trog
  1535 | D:2      | Noticed Sigmund
  1548 | D:2      | Killed Sigmund
  1549 | D:2      | Reached skill level 5 in Unarmed Combat
  1549 | D:2      | Reached XP level 5. HP: 47/47 MP: 5/5
  1549 | D:2      | Reached XP level 6. HP: 55/55 MP: 6/6
  1770 | D:2      | Found an opulent altar of Gozag.
  2485 | D:3      | Reached skill level 5 in Fighting
  3091 | D:4      | Noticed Dowan
  3091 | D:4      | Noticed Duvessa
  3108 | D:4      | Killed Duvessa
  3109 | D:4      | Reached skill level 6 in Unarmed Combat
  3109 | D:4      | Reached XP level 7. HP: 61/61 MP: 7/7
  3110 | D:4      | Killed Dowan
  3187 | D:4      | Found a transporter.
  3232 | D:4      | Reached *** piety under Trog
  3243 | D:4      | Found Itenuaj's Distillery.
  3274 | D:4      | Reached skill level 7 in Unarmed Combat
  3281 | D:4      | Bought a potion of mutation for 112 gold pieces
  3378 | D:4      | Found a transporter.
  3461 | D:4      | Found a snail-covered altar of Cheibriados.
  3713 | D:4      | Reached XP level 8. HP: 70/70 MP: 8/8
  3956 | D:5      | Entered Level 5 of the Dungeon
  3971 | D:5      | Reached skill level 5 in Armour
  4100 | D:5      | Found Jazoum's Weapon Shoppe.
  4108 | D:5      | Reached skill level 1 in Evocations
  4116 | D:5      | Bought a +0 longbow for 58 gold pieces
  4153 | D:5      | Noticed Pikel
  4165 | D:5      | Killed Pikel
  4166 | D:5      | Reached skill level 8 in Unarmed Combat
  4307 | D:5      | Reached skill level 9 in Unarmed Combat
  4313 | D:5      | Reached XP level 9. HP: 75/75 MP: 9/9
  4999 | D:6      | Found a bloodstained altar of Trog.
  5085 | D:6      | Reached skill level 1 in Bows
  5184 | D:6      | Noticed Prince Ribbit
  5195 | D:6      | Killed Prince Ribbit
  5196 | D:6      | Reached skill level 10 in Unarmed Combat
  5371 | D:6      | Reached **** piety under Trog
  5504 | D:6      | Found an opulent altar of Gozag.
  5504 | D:6      | Found Gozag's Platinum Reserve.
  5833 | D:7      | Noticed Menkaure
  5838 | D:7      | Killed Menkaure
  5839 | D:7      | Reached skill level 5 in Evocations
  6027 | D:7      | Noticed Joseph
  6043 | D:7      | Reached XP level 10. HP: 75/83 MP: 10/10
  6051 | D:7      | Killed Joseph
  6052 | D:7      | Reached skill level 11 in Unarmed Combat
  6283 | D:7      | Found Niruryi's Book Shop.
  6311 | D:7      | Found a staircase to the Ecumenical Temple.
  6602 | D:8      | Found a glowing golden altar of the Shining One.
  6715 | D:8      | Found a shadowy altar of Dithmenos.
  6715 | D:8      | Found a hide-covered altar of Uskayaw.
  7322 | D:9      | Found Memiskor's General Store.
  7331 | D:9      | Found a radiant altar of Vehumet.
  7351 | D:9      | Bought a potion of lignification for 39 gold pieces
  7409 | D:9      | Noticed wampuh's ghost (novice DrTm)
  7437 | D:9      | Found a flagged portal.
  7454 | Bailey   | Entered a bailey
  7491 | Bailey   | Reached ***** piety under Trog
  7543 | Bailey   | Reached skill level 5 in Bows
  7668 | Bailey   | Identified a masterwork plate armour
  7669 | Bailey   | Identified a pitted plate armour
  7781 | Bailey   | Reached skill level 12 in Unarmed Combat
  8164 | D:9      | Received a gift from Trog
  8273 | D:9      | Found a runed translucent gate.
  8273 | D:9      | Found a runed translucent gate.
  8273 | D:9      | Found a runed translucent gate.
  8388 | D:9      | Reached XP level 11. HP: 91/91 MP: 11/11
  8692 | D:9      | Killed wampuh's ghost
  8852 | D:9      | Bought a +0 helmet for 58 gold pieces
  8869 | D:10     | Entered Level 10 of the Dungeon
  8905 | D:10     | Identified a scroll of acquirement
  8905 | D:10     | Acquired the +9 shortbow "Birec" {speed, rElec rF+ rN+}
  8944 | D:10     | Noticed Fannar
  8965 | D:10     | Killed Fannar
  9212 | D:10     | Found a staircase to the Lair.
  9370 | D:10     | Found Xekal's Distillery.
  9380 | D:10     | Bought a potion of cancellation for 96 gold pieces
  9537 | Lair:1   | Entered Level 1 of the Lair of Beasts
  9541 | Lair:1   | Found a gate leading to a gauntlet.
  9556 | Gauntlet | Entered a Gauntlet
  9556 | Gauntlet | Found a transporter.
  9556 | Gauntlet | Found a transporter.
  9557 | Gauntlet | Found a transporter.
  9558 | Gauntlet | Noticed a necromancer
  9559 | Gauntlet | Found a transporter.
  9560 | Gauntlet | Found a transporter.
  9568 | Gauntlet | Noticed a death drake
  9570 | Gauntlet | Found a transporter.
  9574 | Gauntlet | Found a transporter.
  9580 | Gauntlet | Noticed a death ooze
  9584 | Gauntlet | Found a transporter.
  9585 | Gauntlet | Noticed an obsidian statue
  9634 | Gauntlet | Noticed a swamp dragon
  9655 | Gauntlet | Noticed a two-headed ogre
  9655 | Gauntlet | a swamp dragon changed into a two-headed ogre
  9674 | Gauntlet | Found a transporter.
  9684 | Gauntlet | Found a transporter.
  9688 | Gauntlet | Found a transporter.
  9700 | Gauntlet | Found a transporter.
  9741 | Gauntlet | Noticed a spark wasp
  9742 | Gauntlet | Noticed an ettin
  9742 | Gauntlet | a spark wasp changed into an ettin
  9761 | Gauntlet | Noticed an entropy weaver
  9761 | Gauntlet | an ettin changed into an entropy weaver
  9780 | Gauntlet | Killed an entropy weaver
  9851 | Gauntlet | Killed a death drake
  9898 | Gauntlet | Killed an obsidian statue
  9905 | Gauntlet | Identified a clouded silver amulet
  9945 | Gauntlet | Noticed a minotaur
  9959 | Gauntlet | Killed a minotaur
  9960 | Gauntlet | Reached XP level 12. HP: 103/103 MP: 12/12
 10039 | Lair:1   | Reached skill level 13 in Unarmed Combat
 10669 | Lair:1   | Noticed a six-headed hydra
 10678 | Lair:1   | Killed a six-headed hydra
 10712 | Lair:1   | Noticed an eight-headed hydra
 10723 | Lair:1   | Paralysed by a floating eye for 3 turns
 10728 | Lair:1   | Killed an eight-headed hydra
 11615 | Lair:1   | Reached skill level 10 in Bows
 11932 | Lair:2   | Found a staircase to the Snake Pit.
 12821 | Lair:2   | Noticed Gastronok
 12837 | Lair:2   | Killed Gastronok
 12838 | Lair:2   | Reached XP level 13. HP: 81/111 MP: 13/13
 12965 | Lair:2   | Found a staircase to the Shoals.
 12985 | Lair:2   | Reached skill level 14 in Unarmed Combat
 13258 | Lair:3   | HP: 5/111 [blink frog (6)]
 13259 | Lair:3   | HP: 2/111 [polar bear (3)]
 13260 | Lair:3   | Demolished by a polar bear

Illustrated notes

Levels and vault maps discovered:
D:1:      amcnicky_arrival_wind_blow, layout_loops_corners
D:2:      minmay_general_purpose_star, layout_loops_corners, marbit_many_paths,
          minmay_lizard_pond, uniq_sigmund
D:3:      cheibrodos_greedy_goblins, layout_loops_ring, kennysheep_boxes
D:4:      gammafunk_wand_slinger, layout_loops_cross,
          nicolae_overflow_hidden_temple, serial_shops,
          nicolae_shop_statue_plus, uniq_duvessa
D:5:      layout_basic, serial_shops, shop_fountains,
          chequers_serial_rivers_room_b, uniq_pikel
D:6:      layout_basic, kennysheep_mini, serial_glass, glass_columns_a,
          glass_columns_a, nicolae_gozag_zags_fifth_avenue, uniq_prince_ribbit1
D:7:      layout_basic, minmay_temple_entry_overgrown, serial_shops,
          nicolae_shop_behind_doors, uniq_menkaure, uniq_joseph
D:8:      layout_cave_pods, overflow_temple_1_default,
          gammafunk_temple_overflow_pools, serial_bayou_pond_e
D:9:      layout_rooms, overflow_temple_1_default, enter_bailey_8,
          gammafunk_ghost_icy, serial_shops, shop
D:10:     layout_cave_pools, david_lair_shrubbed, serial_shops, shop,
          uniq_fannar
Lair:1:   layout_roguey, gauntlet_entry_generic, disabler_island,
          infiniplex_staircase_pool_2, serial_bayou_shore_a, grunt_megastairs_2,
          minmay_lair_oklob_chamber
Lair:2:   layout_roguey, elwin_shoals_entry_rooms,
          minmay_snake_entry_spellcaster, uniq_gastronok
Lair:3:   layout_chaotic_city, nicolae_volcano_entry_batcave, st_stairs_5,
          nicolae_lair_grove_arrangements, minmay_another_anthill

Skill      XL: |  1  2  3  4  5  6  7  8  9 10 11 12 13 |
---------------+----------------------------------------+-----
Fighting       | 4 5 6 8 9 |  9.0
Dodging        | 2 |  2.6
Unarmed Combat | 4 5 6 7 9 10 12 13 14 | 14.1
Armour         | 3 4 6 8 9 |  9.0
Evocations     | 3 5 6 |  6.0
Bows           | 3 6 8 11 | 11.2

Action                   |  1- 3 |  4- 6 |  7- 9 | 10-12 | 13-15 || total
-------------------------+-------+-------+-------+-------+-------++-------
Melee: Unarmed           |    94 |   234 |   365 |   543 |    46 ||  1282
       Punch             |     4 |     7 |    13 |    58 |     6 ||    88
       Glaive            |       |       |       |    68 |       ||    68
 Fire: Shortbow          |       |       |       |    80 |       ||    80
Throw: Dart              |       |       |     4 |     7 |       ||    11
Invok: Berserk           |       |     2 |     3 |    11 |       ||    16
       Trog's Hand       |       |     2 |       |     6 |     1 ||     9
       Brothers in Arms  |       |       |       |     2 |       ||     2
Evoke: Wand              |       |       |       |       |     1 ||     1
  Use: Scroll            |       |       |    17 |    11 |     1 ||    29
 Stab: Sleeping          |     1 |       |       |       |       ||     1
Armor: Animal skin       |    11 |       |       |       |       ||    11
       Ring mail         |     7 |    14 |       |       |       ||    21
       Scale mail        |       |    54 |       |       |       ||    54
       Chain mail        |       |    20 |   109 |       |       ||   129
       Plate armour      |       |       |    74 |   359 |    57 ||   490
Dodge: Dodged            |    49 |   123 |   120 |   267 |    39 ||   598

Table legend: (Time is in decaauts)
 A = Elapsed time spent in this place.
 B = Non-inter-level travel time spent in this place.
 C = Inter-level travel time spent in this place.
 D = Time resting spent in this place.
 E = Time spent auto-exploring this place.
 F = Levels seen in this place.
 G = Mean time per level.
                   A        B        C        D        E       F      G
               +--------+--------+--------+--------+--------+-----+--------+
         Total |  13149 |  12627 |    522 |    986 |   8359 |  15 |  876.6 |
       Dungeon |   9196 |   8755 |    441 |    250 |   6349 |  10 |  919.6 |
          Lair |   2933 |   2853 |     80 |    579 |   1683 |   3 |  977.7 |
        Bailey |    581 |    581 |      0 |     76 |    153 |   1 |  581.0 |
      Gauntlet |    439 |    439 |      0 |     80 |    173 |   1 |  439.0 |
               +--------+--------+--------+--------+--------+-----+--------+

Top non-repeatable levels by time:
  Lair:1: 1612 daAuts
  Lair:2: 1272 daAuts
     D:1: 1103 daAuts
     D:9: 998 daAuts
     D:5: 986 daAuts
     D:3: 965 daAuts
     D:4: 962 daAuts
     D:2: 959 daAuts
    D:10: 937 daAuts
     D:8: 785 daAuts
     D:7: 756 daAuts
     D:6: 741 daAuts
  Bailey: 581 daAuts
Gauntlet: 439 daAuts
  Lair:3: 48 daAuts
